Admirals vs Monsters
(R1)
Created - June 4, 2023 at 22:08
Goals
|
| Admirals |
1 |
0 |
2 |
3 |
| Monsters |
1 |
3 |
2 |
6 |
|
Shots
|
| Admirals |
11 |
9 |
14 |
34 |
| Monsters |
12 |
11 |
11 |
34 |
|
1st period
1. Monsters , Justin Bailey 20 (Austin Watson 32, Zac Dalpe 87) at 5:13 (PP)
2. Admirals , Joel Armia 38 (Markus Granlund 62, Anton Gustafsson 54) at 15:23
Penalties :
Mattias Backman (Mil) for Tripping (Minor) at 0:46, Mattias Backman (Mil) for Roughing (Minor) at 5:10, Carl Grundstrom (Cle) for Tripping (Minor) at 16:46, Olli Juolevi (Mil) for Roughing (Minor) at 19:16
2nd period
3. Monsters , Ryan Fitzgerald 23 (Richard Nejezchleb 11, Dillon Heatherington 28) at 7:50
4. Monsters , Austin Watson 42 (Dillon Heatherington 29, Aaron Ness 38) at 7:58
5. Monsters , Jesse Graham 3 (Austin Watson 33, Zac Dalpe 88) at 15:54 (PP)
Penalties :
Freddie Hamilton (Mil) for Hooking (Minor) at 2:05, Nolan Vesey (Mil) for Holding (Minor) at 5:40, Travis Dermott (Mil) for Tripping (Minor) at 8:44, Mattias Backman (Mil) for Hooking (Minor) at 14:45, Markus Granlund (Mil) for Hooking (Minor) at 19:04
3rd period
6. Monsters , Zac Dalpe 64 (Justin Bailey 28, Austin Watson 34) at 5:18
7. Admirals , Nolan Vesey 22 (Kasper Bjorkqvist 24, T.J Brodie 36) at 7:02
8. Monsters , Zac Dalpe 65 (Justin Bailey 29) at 7:53
9. Admirals , Lucas Wallmark 14 (Hunter Shinkaruk 23, Mark McNeill 30) at 18:02
Penalties :
Zac Dalpe (Cle) for Holding Stick (Minor) at 14:55
Goalie Stats
Felix Sanstrom (Mil), 13 saves from 15 shots - (0.867), 24:06 minutes
Tristan Jarry (Mil), 15 saves from 19 shots - (0.789), L, 24-29-3, 35:54 minutes
Maxime Lagace (Cle), 31 saves from 34 shots - (0.912), W, 13-12-2, 60:00 minutes
Players Stats for Admirals
Player Name G A P +/- PIM S H SB GA TA FO MP PP MP PK MP
------------------------------------------------------------------------------------
Anton Gustafsson 0 1 1 -1 0 4 1 1 0 0 27/44 24:05 2:09 7:56
Carl Dahlstrom 0 0 0 -1 0 0 1 0 0 0 0/0 20:30 2:08 5:30
Freddie Hamilton 0 0 0 1 2 2 1 1 0 0 1/2 9:28 0:00 0:00
Hunter Shinkaruk 0 1 1 0 0 2 1 0 1 1 0/0 20:20 1:45 5:14
Ian Mitchell 0 0 0 1 0 0 0 0 0 0 0/0 3:47 0:00 0:00
Joel Armia 1 0 1 0 0 2 2 0 0 1 0/1 16:03 2:09 0:00
Josh Norris 0 0 0 -1 0 3 0 1 0 0 2/3 7:35 0:00 0:28
Josh Wesley 0 0 0 -1 0 0 1 1 0 1 0/0 10:32 0:00 2:09
Kasper Bjorkqvist 0 1 1 1 0 2 2 0 0 1 0/0 12:25 0:04 2:23
Kristian Vesalainen 0 0 0 -1 0 1 2 0 0 0 0/0 6:10 0:00 0:00
Lucas Wallmark 1 0 1 0 0 1 2 0 0 0 7/11 17:51 1:45 3:39
Mark McNeill 0 1 1 0 0 1 0 1 0 0 0/0 12:44 1:45 0:00
Markus Granlund 0 1 1 -1 2 7 1 1 1 0 1/1 23:23 2:09 6:23
Mattias Backman 0 0 0 0 6 3 2 2 0 2 0/0 25:38 1:50 5:50
Nolan Vesey 1 0 1 0 2 1 0 1 0 0 0/0 9:44 0:04 0:09
Olli Juolevi 0 0 0 -1 2 0 0 1 0 0 0/0 8:47 0:00 0:00
Reilly Walsh 0 0 0 1 0 0 0 0 0 0 0/0 4:24 0:00 0:37
Riley Barber 0 0 0 -1 0 0 0 0 0 0 0/0 6:30 0:04 0:00
T.J Brodie 0 1 1 0 0 4 1 3 0 1 0/0 27:21 1:50 7:36
Travis Dermott 0 0 0 -1 2 1 0 2 1 0 0/0 19:29 2:08 4:30
Players Stats for Monsters
Player Name G A P +/- PIM S H SB GA TA FO MP PP MP PK MP
------------------------------------------------------------------------------------
Aaron Ness 0 1 1 -1 0 3 4 1 2 0 0/0 28:18 7:35 2:16
Alex Schoenborn 0 0 0 0 0 0 0 0 0 0 0/0 0:11 0:11 0:00
Alexandre Texier 0 0 0 0 0 0 0 0 0 0 0/0 0:00 0:00 0:00
Austin Watson 1 3 4 0 0 3 2 0 0 0 0/1 22:48 6:57 0:34
Carl Grundstrom 0 0 0 0 2 0 1 0 0 0 0/0 6:18 0:00 0:00
Daniel Sprong 0 0 0 0 0 0 0 0 0 0 0/0 0:00 0:00 0:00
Dillon Heatherington 0 2 2 -1 0 2 1 2 1 0 0/0 28:18 7:35 2:16
Francis Perron 0 0 0 0 0 0 0 0 0 0 0/0 1:10 0:00 1:10
Gerald Mayhew 0 0 0 0 0 0 1 0 0 1 1/1 16:20 5:58 0:00
Jakub Vrana 0 0 0 0 0 2 0 1 1 0 0/1 17:08 5:58 0:48
Jared Knight 0 0 0 0 0 1 1 0 0 0 5/16 17:36 5:58 0:54
Jesse Graham 1 0 1 2 0 2 0 4 0 1 0/0 20:47 5:31 1:39
Joakim Nordstrom 0 0 0 0 0 0 0 0 0 0 0/0 6:17 0:00 0:00
Justin Bailey 1 2 3 0 0 5 3 1 0 0 0/0 24:38 6:57 2:00
Marc Michaelis 0 0 0 1 0 2 4 0 1 0 0/0 10:36 0:00 0:00
Matt Grzelcyk 0 0 0 2 0 2 1 1 0 1 0/0 21:12 5:31 1:42
Maxim Mamin 0 0 0 0 0 1 1 0 0 0 0/0 6:27 0:00 0:10
Nathan Noel 0 0 0 0 0 0 0 0 0 0 0/1 1:19 0:00 1:19
Richard Nejezchleb 0 1 1 1 0 0 1 0 1 0 0/0 10:36 0:00 0:00
Ryan Fitzgerald 1 0 1 1 0 5 1 1 0 0 0/3 10:36 0:00 0:00
Tarmo Reunanen 0 0 0 0 0 0 1 0 0 0 0/0 10:55 0:00 0:03
Trevor Moore 0 0 0 0 0 0 0 0 0 0 0/1 0:11 0:11 0:00
Victor Mete 0 0 0 0 0 2 1 4 0 0 0/0 10:30 0:00 0:00
Vladimir Tkachev 0 0 0 0 0 0 0 0 0 0 0/0 0:11 0:11 0:00
Zac Dalpe 2 2 4 0 2 4 2 1 1 0 18/38 23:38 6:57 1:01
3 Stars
1 - Zac Dalpe (Cle)
2 - Austin Watson (Cle)
3 - Justin Bailey (Cle)
Power Play
Admirals - 0 on 2 Attempt(s) - 0.00%
Monsters - 2 on 8 Attempt(s) - 25.00%
Penalty Kill
Admirals - 6 on 8 Attempt(s) - 75.00%
- Score 0 goal in Penalty Kill
Monsters - 2 on 2 Attempt(s) - 100.00%
- Score 0 goal in Penalty Kill
Team Stat
Admirals - Hits : 17 - Faceoff Wins : 38 - Blocked Shots : 15 - Penalty Minutes : 16
Monsters - Hits : 25 - Faceoff Wins : 24 - Blocked Shots : 16 - Penalty Minutes : 4
Official
Referees : Kyle Rehman and Garrett Rank
Linesman : Steve Barton and Kiel Murchison
Game Notes
Felix Sanstrom enters game at 15:54 of 2nd period
Finance
Level 1 -- Attendance: 1682 (84.10%) -- Ticket Income $58,870
Level 2 -- Attendance: 1000 (100.00%) -- Ticket Income $15,000
Total Attendance: 2682 (89.40%)
Total Ticket Income: $73,870
Other Income: $3,694
Total Income: $77,564
Admirals
5 vs 5 Forward
Center Left Wing Right Wing Time % Phy DF OF
1 Anton Gustafsson Markus Granlund Joel Armia 40 1 2 2
2 Lucas Wallmark Hunter Shinkaruk Mark McNeill 30 1 2 2
3 Freddie Hamilton Nolan Vesey Kasper Bjorkqvist 20 1 2 2
4 Josh Norris Kristian Vesalainen Riley Barber 10 1 2 2
5 vs 5 Defense
Defense Defense Time % Phy DF OF
1 Mattias Backman T.J Brodie 40 1 2 2
2 Travis Dermott Carl Dahlstrom 30 1 2 2
3 Olli Juolevi Josh Wesley 20 1 2 2
4 Reilly Walsh Ian Mitchell 10 1 2 2
PowerPlay Forward
Center Left Wing Right Wing Time % Phy DF OF
1 Anton Gustafsson Markus Granlund Joel Armia 60 1 2 2
2 Lucas Wallmark Hunter Shinkaruk Mark McNeill 40 1 2 2
PowerPlay Defense
Defense Defense Time % Phy DF OF
1 Mattias Backman T.J Brodie 60 1 2 2
2 Travis Dermott Carl Dahlstrom 40 1 2 2
Penalty Kill 4 Players Forward
Center Wing Time % Phy DF OF
1 Anton Gustafsson Markus Granlund 60 1 2 2
2 Lucas Wallmark Hunter Shinkaruk 40 1 2 2
Penalty Kill 4 Players Defense
Defense Defense Time % Phy DF OF
1 Mattias Backman T.J Brodie 60 1 2 2
2 Travis Dermott Carl Dahlstrom 40 1 2 2
Penalty Kill - 3 Players Forward
Forward Time % Phy DF OF
1 Anton Gustafsson 60 1 2 2
2 Lucas Wallmark 40 1 2 2
Penalty Kill - 3 Players Defense
Defense Defense Time % Phy DF OF
1 Mattias Backman T.J Brodie 60 1 2 2
2 Travis Dermott Carl Dahlstrom 40 1 2 2
4 vs 4 Forward
Center Wing Time % Phy DF OF
1 Anton Gustafsson Markus Granlund 60 1 2 2
2 Lucas Wallmark Hunter Shinkaruk 40 1 2 2
4 vs 4 Defense
Defense Defense Time % Phy DF OF
1 Mattias Backman T.J Brodie 60 1 2 2
2 Travis Dermott Carl Dahlstrom 40 1 2 2
Last Minutes Offensive
Center Left Wing Right Wing Defense Defense
Anton Gustafsson Markus Granlund Joel Armia Mattias Backman T.J Brodie
Last Minutes Defensive
Center Left Wing Right Wing Defense Defense
Anton Gustafsson Markus Granlund Joel Armia Mattias Backman T.J Brodie
Goaltenders
Starting : Tristan Jarry
Backup : Felix Sanstrom
Extra Forwards
Normal : Kasper Bjorkqvist, Hunter Shinkaruk, Lucas Wallmark - PP : Kasper Bjorkqvist, Hunter Shinkaruk - PK : Kasper Bjorkqvist
Extra Defensemen
Normal : Josh Wesley, Reilly Walsh, Ian Mitchell - PP : Josh Wesley - PK : Josh Wesley, Reilly Walsh
Penalty Shots
Markus Granlund, Anton Gustafsson, Joel Armia, Mark McNeill, Kasper Bjorkqvist
Scratches
Alexandre Mallet (Healthy), Andreas Englund (Healthy), Brett Connolly (Healthy), Christian Djoos (Healthy), Joni Ikonen (Healthy)
Filip Chlapik (Healthy), Mark MacMillan (Healthy), Ryan Olsen (Healthy), Sergei Zborovskiy (Healthy), Stanislav Galiev (Healthy)
Troy Bourke (Healthy), Carsen Twarynski (Healthy), Libor Hajek (Healthy), Linus Ullmark (Healthy)
Monsters
5 vs 5 Forward
Center Left Wing Right Wing Time % Phy DF OF
1 Zac Dalpe Justin Bailey Austin Watson 40 1 2 2
2 Jared Knight Jakub Vrana Gerald Mayhew 30 1 2 2
3 Ryan Fitzgerald Marc Michaelis Richard Nejezchleb 20 1 2 2
4 Maxim Mamin Joakim Nordstrom Carl Grundstrom 10 1 2 2
5 vs 5 Defense
Defense Defense Time % Phy DF OF
1 Aaron Ness Dillon Heatherington 40 1 2 2
2 Matt Grzelcyk Jesse Graham 30 1 2 2
3 Victor Mete Tarmo Reunanen 20 1 2 2
4 Aaron Ness Dillon Heatherington 10 1 2 2
PowerPlay Forward
Center Left Wing Right Wing Time % Phy DF OF
1 Zac Dalpe Justin Bailey Austin Watson 60 1 2 2
2 Jared Knight Jakub Vrana Gerald Mayhew 40 1 2 2
PowerPlay Defense
Defense Defense Time % Phy DF OF
1 Aaron Ness Dillon Heatherington 60 1 2 2
2 Matt Grzelcyk Jesse Graham 40 1 2 2
Penalty Kill 4 Players Forward
Center Wing Time % Phy DF OF
1 Zac Dalpe Justin Bailey 60 1 2 2
2 Austin Watson Jakub Vrana 40 1 2 2
Penalty Kill 4 Players Defense
Defense Defense Time % Phy DF OF
1 Aaron Ness Dillon Heatherington 60 1 2 2
2 Matt Grzelcyk Jesse Graham 40 1 2 2
Penalty Kill - 3 Players Forward
Forward Time % Phy DF OF
1 Zac Dalpe 60 1 2 2
2 Justin Bailey 40 1 2 2
Penalty Kill - 3 Players Defense
Defense Defense Time % Phy DF OF
1 Aaron Ness Dillon Heatherington 60 1 2 2
2 Matt Grzelcyk Jesse Graham 40 1 2 2
4 vs 4 Forward
Center Wing Time % Phy DF OF
1 Zac Dalpe Justin Bailey 60 1 2 2
2 Austin Watson Jakub Vrana 40 1 2 2
4 vs 4 Defense
Defense Defense Time % Phy DF OF
1 Aaron Ness Dillon Heatherington 60 1 2 2
2 Matt Grzelcyk Jesse Graham 40 1 2 2
Last Minutes Offensive
Center Left Wing Right Wing Defense Defense
Zac Dalpe Justin Bailey Austin Watson Aaron Ness Dillon Heatherington
Last Minutes Defensive
Center Left Wing Right Wing Defense Defense
Zac Dalpe Justin Bailey Austin Watson Aaron Ness Dillon Heatherington
Goaltenders
Starting : Maxime Lagace
Backup : Connor Hellebyuk
Extra Forwards
Normal : Trevor Moore, Vladimir Tkachev, Nathan Noel - PP : Trevor Moore, Vladimir Tkachev - PK : Nathan Noel
Extra Defensemen
Normal : Victor Mete, Tarmo Reunanen, Matt Grzelcyk - PP : Victor Mete - PK : Tarmo Reunanen, Matt Grzelcyk
Penalty Shots
Zac Dalpe, Justin Bailey, Austin Watson, Jakub Vrana, Jared Knight
Scratches
Cameron Hughes (Healthy), Collin Miller (Healthy), Zachary Senyshyn (Healthy), Peyton Jones (Healthy)
% Time on Ice - Admirals
Lines # - Real PCT - Wanted PCT - Time Play
Normal Forward
1 - 38% - 40% - 16:31
2 - 27% - 30% - 11:25
3 - 21% - 20% - 8:50
4 - 14% - 10% - 6:10
Normal Defense
1 - 42% - 40% - 17:55
2 - 30% - 30% - 12:52
3 - 19% - 20% - 8:22
4 - 9% - 10% - 3:47
PP Forward
1 - 56% - 60% - 2:13
2 - 44% - 40% - 1:45
PP Defense
1 - 46% - 60% - 1:50
2 - 54% - 40% - 2:08
PK Forward
1 - 72% - 60% - 9:27
2 - 28% - 40% - 3:39
PK Defense
1 - 58% - 60% - 7:36
2 - 42% - 40% - 5:30
PK3 Forward
1 - 0% - 60%
2 - 0% - 40%
PK3 Defense
1 - 0% - 60%
2 - 0% - 40%
44 Forward
1 - 0% - 60%
2 - 0% - 40%
44 Defense
1 - 0% - 60%
2 - 0% - 40%
Last Minute Offensive - 0:00
Last Minute Defensive - 0:00
Total
Forward - 60:00
Defense - 60:00
|
% Time on Ice - Monsters
Lines # - Real PCT - Wanted PCT - Time Play
Normal Forward
1 - 37% - 40% - 15:41
2 - 24% - 30% - 10:22
3 - 25% - 20% - 10:36
4 - 15% - 10% - 6:17
Normal Defense
1 - 41% - 40% - 17:30
2 - 33% - 30% - 13:59
3 - 24% - 20% - 10:30
4 - 2% - 10% - 0:57
PP Forward
1 - 53% - 60% - 6:57
2 - 47% - 40% - 6:09
PP Defense
1 - 58% - 60% - 7:35
2 - 42% - 40% - 5:31
PK Forward
1 - 86% - 60% - 3:24
2 - 14% - 40% - 0:34
PK Defense
1 - 57% - 60% - 2:16
2 - 43% - 40% - 1:42
PK3 Forward
1 - 0% - 60%
2 - 0% - 40%
PK3 Defense
1 - 0% - 60%
2 - 0% - 40%
44 Forward
1 - 0% - 60%
2 - 0% - 40%
44 Defense
1 - 0% - 60%
2 - 0% - 40%
Last Minute Offensive - 0:00
Last Minute Defensive - 0:00
Total
Forward - 60:00
Defense - 60:00
|
Play-by-Play
1st period
0:01 of 1st period - Zac Dalpe wins face-off versus Anton Gustafsson in neutral zone.
0:32 of 1st period - Snap shot by Marc Michaelis.
0:32 of 1st period - Shot Blocked by Mark McNeill.
0:34 of 1st period - Wrist shot by Richard Nejezchleb.
0:34 of 1st period - Shot Misses the Net.
0:36 of 1st period - Slapshot by Dillon Heatherington.
0:36 of 1st period - Shot Blocked by T.J Brodie.
0:38 of 1st period - Slapshot by Dillon Heatherington.
0:38 of 1st period - Stopped by Tristan Jarry with a rebound.
0:40 of 1st period - Snap shot by Aaron Ness.
0:40 of 1st period - Stopped by Tristan Jarry with a rebound.
0:46 of 1st period - Minor Penalty to Mattias Backman for Tripping.
0:47 of 1st period - Anton Gustafsson wins face-off versus Zac Dalpe in Admirals zone.
2:46 of 1st period - Penalty to Mattias Backman is over, Mattias Backman is back on ice.
4:20 of 1st period - Off-side.
4:21 of 1st period - Jared Knight wins face-off versus Freddie Hamilton in neutral zone.
4:57 of 1st period - Anton Gustafsson is hit by Richard Nejezchleb.
5:10 of 1st period - Minor Penalty to Mattias Backman for Roughing.
5:11 of 1st period - Zac Dalpe wins face-off versus Anton Gustafsson in Admirals zone.
5:13 of 1st period - Snap shot by Justin Bailey.
5:13 of 1st period - Goal by Justin Bailey - Admirals : 0 - Monsters : 1.
5:14 of 1st period - Anton Gustafsson wins face-off versus Jared Knight in neutral zone.
6:05 of 1st period - Snap shot by Josh Norris.
6:05 of 1st period - Stopped by Maxime Lagace without a rebound.
6:06 of 1st period - Josh Norris wins face-off versus Jared Knight in Monsters zone.
6:15 of 1st period - Slapshot by Riley Barber.
6:15 of 1st period - Shot Misses the Net.
6:17 of 1st period - Slapshot by Josh Wesley.
6:17 of 1st period - Shot Misses the Net.
6:19 of 1st period - Slapshot by Josh Wesley.
6:19 of 1st period - Shot Misses the Net.
6:21 of 1st period - Wrist shot by Riley Barber.
6:21 of 1st period - Shot Blocked by Dillon Heatherington.
6:33 of 1st period - Anton Gustafsson is hit by Aaron Ness and loses puck.
6:40 of 1st period - Zac Dalpe is hit by Anton Gustafsson and loses puck.
6:52 of 1st period - Austin Watson is hit by Hunter Shinkaruk and loses puck.
6:58 of 1st period - Aaron Ness is hit by Mattias Backman and loses puck.
7:44 of 1st period - Snap shot by Markus Granlund.
7:44 of 1st period - Shot Misses the Net.
7:48 of 1st period - Wrist shot by Anton Gustafsson.
7:48 of 1st period - Shot Misses the Net.
7:50 of 1st period - Slapshot by Joel Armia.
7:50 of 1st period - Shot Misses the Net.
8:00 of 1st period - Snap shot by Zac Dalpe.
8:00 of 1st period - Shot Blocked by Travis Dermott.
8:20 of 1st period - Wrist shot by Maxim Mamin.
8:20 of 1st period - Stopped by Tristan Jarry with a rebound.
8:52 of 1st period - Slapshot by Jakub Vrana.
8:52 of 1st period - Stopped by Tristan Jarry with a rebound.
8:54 of 1st period - Snap shot by Gerald Mayhew.
8:54 of 1st period - Shot Blocked by Markus Granlund.
8:56 of 1st period - Backhand shot by Jakub Vrana.
8:56 of 1st period - Shot Misses the Net.
8:58 of 1st period - Slapshot by Matt Grzelcyk.
8:58 of 1st period - Shot Misses the Net.
9:00 of 1st period - Slapshot by Jesse Graham.
9:00 of 1st period - Stopped by Tristan Jarry with a rebound.
9:02 of 1st period - Slapshot by Jakub Vrana.
9:02 of 1st period - Shot Blocked by Olli Juolevi.
9:14 of 1st period - Snap shot by Zac Dalpe.
9:14 of 1st period - Shot Blocked by Josh Wesley.
9:16 of 1st period - Snap shot by Victor Mete.
9:16 of 1st period - Stopped by Tristan Jarry with a rebound.
9:20 of 1st period - Backhand shot by Justin Bailey.
9:20 of 1st period - Stopped by Tristan Jarry with a rebound.
9:22 of 1st period - Slapshot by Victor Mete.
9:22 of 1st period - Deflect By Markus Granlund.
9:22 of 1st period - Stopped by Tristan Jarry without a rebound.
9:23 of 1st period - Lucas Wallmark wins face-off versus Jared Knight in Admirals zone.
9:29 of 1st period - Off-side.
9:30 of 1st period - Lucas Wallmark wins face-off versus Jared Knight in neutral zone.
9:41 of 1st period - Snap shot by Hunter Shinkaruk.
9:41 of 1st period - Stopped by Maxime Lagace without a rebound.
9:42 of 1st period - Anton Gustafsson wins face-off versus Zac Dalpe in Monsters zone.
9:45 of 1st period - Wrist shot by Markus Granlund.
9:45 of 1st period - Stopped by Maxime Lagace without a rebound.
9:46 of 1st period - Zac Dalpe wins face-off versus Anton Gustafsson in Monsters zone.
9:46 of 1st period - Zac Dalpe is hit by Joel Armia.
10:23 of 1st period - Snap shot by Mark McNeill.
10:23 of 1st period - Stopped by Maxime Lagace with a rebound.
10:33 of 1st period - Carl Dahlstrom is hit by Marc Michaelis and loses puck.
10:58 of 1st period - Wrist shot by Zac Dalpe.
10:58 of 1st period - Shot Misses the Net.
11:04 of 1st period - Wrist shot by Austin Watson.
11:04 of 1st period - Deflect By Justin Bailey.
11:04 of 1st period - Shot Misses the Net.
11:04 of 1st period - Puck is out of play.
11:05 of 1st period - Anton Gustafsson wins face-off versus Jakub Vrana in Admirals zone.
11:37 of 1st period - Mark McNeill is hit by Justin Bailey and loses puck.
11:58 of 1st period - Snap shot by Ryan Fitzgerald.
11:58 of 1st period - Stopped by Tristan Jarry without a rebound.
11:59 of 1st period - Anton Gustafsson wins face-off versus Zac Dalpe in Admirals zone.
12:04 of 1st period - Snap shot by Markus Granlund.
12:04 of 1st period - Stopped by Maxime Lagace with a rebound.
12:14 of 1st period - Wrist shot by Austin Watson.
12:14 of 1st period - Shot Misses the Net.
13:10 of 1st period - Slapshot by Riley Barber.
13:10 of 1st period - Shot Misses the Net.
13:12 of 1st period - Snap shot by Kristian Vesalainen.
13:12 of 1st period - Stopped by Maxime Lagace with a rebound.
13:16 of 1st period - Wrist shot by Riley Barber.
13:16 of 1st period - Deflect By Marc Michaelis.
13:16 of 1st period - Shot Blocked by Ryan Fitzgerald.
13:16 of 1st period - Puck is out of play.
13:17 of 1st period - Zac Dalpe wins face-off versus Anton Gustafsson in Monsters zone.
13:26 of 1st period - Slapshot by Aaron Ness.
13:26 of 1st period - Shot Misses the Net.
14:02 of 1st period - Ryan Fitzgerald is hit by Kasper Bjorkqvist and loses puck.
14:07 of 1st period - Snap shot by Kasper Bjorkqvist.
14:07 of 1st period - Shot Misses the Net.
14:27 of 1st period - Wrist shot by Maxim Mamin.
14:27 of 1st period - Shot Misses the Net.
14:51 of 1st period - Slapshot by T.J Brodie.
14:51 of 1st period - Stopped by Maxime Lagace with a rebound.
14:53 of 1st period - Snap shot by Mattias Backman.
14:53 of 1st period - Stopped by Maxime Lagace with a rebound.
15:07 of 1st period - Snap shot by Austin Watson.
15:07 of 1st period - Stopped by Tristan Jarry without a rebound.
15:08 of 1st period - Anton Gustafsson wins face-off versus Zac Dalpe in Admirals zone.
15:23 of 1st period - Backhand shot by Joel Armia.
15:23 of 1st period - Goal by Joel Armia - Admirals : 1 - Monsters : 1.
15:24 of 1st period - Zac Dalpe wins face-off versus Anton Gustafsson in neutral zone.
16:14 of 1st period - Wrist shot by Hunter Shinkaruk.
16:14 of 1st period - Shot Blocked by Victor Mete.
16:36 of 1st period - Snap shot by T.J Brodie.
16:36 of 1st period - Stopped by Maxime Lagace with a rebound.
16:46 of 1st period - Minor Penalty to Carl Grundstrom for Tripping.
16:47 of 1st period - Zac Dalpe wins face-off versus Anton Gustafsson in Monsters zone.
16:54 of 1st period - Travis Dermott is hit by Justin Bailey and loses puck.
17:01 of 1st period - Wrist shot by Markus Granlund.
17:01 of 1st period - Stopped by Maxime Lagace with a rebound.
17:22 of 1st period - Slapshot by Lucas Wallmark.
17:22 of 1st period - Shot Blocked by Jesse Graham.
18:46 of 1st period - Penalty to Carl Grundstrom is over, Carl Grundstrom is back on ice.
18:53 of 1st period - Snap shot by Ryan Fitzgerald.
18:53 of 1st period - Stopped by Tristan Jarry without a rebound.
18:54 of 1st period - Freddie Hamilton wins face-off versus Ryan Fitzgerald in Admirals zone.
18:54 of 1st period - Freddie Hamilton is hit by Marc Michaelis.
19:16 of 1st period - Minor Penalty to Olli Juolevi for Roughing.
19:17 of 1st period - Zac Dalpe wins face-off versus Anton Gustafsson in Admirals zone.
19:27 of 1st period - Off-side.
19:28 of 1st period - Zac Dalpe wins face-off versus Anton Gustafsson in neutral zone.
19:58 of 1st period - Slapshot by Dillon Heatherington.
19:58 of 1st period - Shot Misses the Net.
Goals for this period are 1 for Admirals vs 1 for Monsters.
Shots for this period are 11 for Admirals vs 12 for Monsters.
2nd period
0:01 of 2nd period - Zac Dalpe wins face-off versus Anton Gustafsson in neutral zone.
0:36 of 2nd period - Mattias Backman is hit by Jared Knight and loses puck.
0:55 of 2nd period - Slapshot by Aaron Ness.
0:55 of 2nd period - Stopped by Tristan Jarry with a rebound.
1:16 of 2nd period - Penalty to Olli Juolevi is over, Olli Juolevi is back on ice.
1:25 of 2nd period - Jesse Graham is hit by Lucas Wallmark.
1:53 of 2nd period - Snap shot by Travis Dermott.
1:53 of 2nd period - Shot Misses the Net.
2:05 of 2nd period - Minor Penalty to Freddie Hamilton for Hooking.
2:06 of 2nd period - Anton Gustafsson wins face-off versus Zac Dalpe in Admirals zone.
2:19 of 2nd period - Slapshot by Zac Dalpe.
2:19 of 2nd period - Shot Misses the Net.
2:59 of 2nd period - Mattias Backman is hit by Austin Watson and loses puck.
3:44 of 2nd period - Snap shot by Austin Watson.
3:44 of 2nd period - Stopped by Tristan Jarry with a rebound.
4:05 of 2nd period - Penalty to Freddie Hamilton is over, Freddie Hamilton is back on ice.
4:27 of 2nd period - Snap shot by Freddie Hamilton.
4:27 of 2nd period - Shot Blocked by Justin Bailey.
4:29 of 2nd period - Snap shot by Freddie Hamilton.
4:29 of 2nd period - Stopped by Maxime Lagace with a rebound.
4:31 of 2nd period - Slapshot by Mattias Backman.
4:31 of 2nd period - Deflect By Zac Dalpe.
4:31 of 2nd period - Stopped by Maxime Lagace with a rebound.
4:33 of 2nd period - Slapshot by T.J Brodie.
4:33 of 2nd period - Deflect By Hunter Shinkaruk.
4:33 of 2nd period - Stopped by Maxime Lagace with a rebound.
4:35 of 2nd period - Backhand shot by T.J Brodie.
4:35 of 2nd period - Shot Misses the Net.
4:37 of 2nd period - Snap shot by Freddie Hamilton.
4:37 of 2nd period - Stopped by Maxime Lagace with a rebound.
4:39 of 2nd period - Wrist shot by Hunter Shinkaruk.
4:39 of 2nd period - Shot Blocked by Jesse Graham.
4:49 of 2nd period - Snap shot by Hunter Shinkaruk.
4:49 of 2nd period - Shot Misses the Net.
4:51 of 2nd period - Wrist shot by Mattias Backman.
4:51 of 2nd period - Shot Blocked by Jesse Graham.
4:53 of 2nd period - Slapshot by T.J Brodie.
4:53 of 2nd period - Shot Misses the Net.
4:55 of 2nd period - Slapshot by Hunter Shinkaruk.
4:55 of 2nd period - Shot Misses the Net.
4:57 of 2nd period - Slapshot by Mattias Backman.
4:57 of 2nd period - Deflect By Josh Norris.
4:57 of 2nd period - Stopped by Maxime Lagace with a rebound.
5:01 of 2nd period - Wrist shot by Hunter Shinkaruk.
5:01 of 2nd period - Deflect By Justin Bailey.
5:01 of 2nd period - Shot Blocked by Zac Dalpe.
5:01 of 2nd period - Puck is out of play.
5:02 of 2nd period - Jared Knight wins face-off versus Anton Gustafsson in Monsters zone.
5:40 of 2nd period - Minor Penalty to Nolan Vesey for Holding.
5:41 of 2nd period - Jared Knight wins face-off versus Anton Gustafsson in Admirals zone.
5:41 of 2nd period - Snap shot by Jakub Vrana.
5:41 of 2nd period - Shot Misses the Net.
5:43 of 2nd period - Backhand shot by Jared Knight.
5:43 of 2nd period - Stopped by Tristan Jarry without a rebound.
5:44 of 2nd period - Gerald Mayhew wins face-off versus Anton Gustafsson in Admirals zone.
6:28 of 2nd period - Icing by Vladimir Tkachev.
6:29 of 2nd period - Anton Gustafsson wins face-off versus Trevor Moore in Monsters zone.
6:35 of 2nd period - Icing by Aaron Ness.
6:36 of 2nd period - Jared Knight wins face-off versus Lucas Wallmark in Monsters zone.
6:41 of 2nd period - Slapshot by Lucas Wallmark.
6:41 of 2nd period - Shot Blocked by Dillon Heatherington.
7:40 of 2nd period - Penalty to Nolan Vesey is over, Nolan Vesey is back on ice.
7:43 of 2nd period - Nolan Vesey is hit by Aaron Ness and loses puck.
7:48 of 2nd period - Wrist shot by Richard Nejezchleb.
7:48 of 2nd period - Shot Blocked by T.J Brodie.
7:50 of 2nd period - Wrist shot by Ryan Fitzgerald.
7:50 of 2nd period - Goal by Ryan Fitzgerald - Admirals : 1 - Monsters : 2.
7:51 of 2nd period - Zac Dalpe wins face-off versus Lucas Wallmark in neutral zone.
7:54 of 2nd period - Slapshot by Aaron Ness.
7:54 of 2nd period - Shot Misses the Net.
7:56 of 2nd period - Slapshot by Dillon Heatherington.
7:56 of 2nd period - Deflect By Travis Dermott.
7:56 of 2nd period - Stopped by Tristan Jarry with a rebound.
7:58 of 2nd period - Slapshot by Austin Watson.
7:58 of 2nd period - Goal by Austin Watson - Admirals : 1 - Monsters : 3.
7:59 of 2nd period - Anton Gustafsson wins face-off versus Zac Dalpe in neutral zone.
8:04 of 2nd period - Snap shot by Markus Granlund.
8:04 of 2nd period - Stopped by Maxime Lagace without a rebound.
8:05 of 2nd period - Anton Gustafsson wins face-off versus Zac Dalpe in Monsters zone.
8:08 of 2nd period - Snap shot by Joel Armia.
8:08 of 2nd period - Deflect By Markus Granlund.
8:08 of 2nd period - Stopped by Maxime Lagace without a rebound.
8:09 of 2nd period - Anton Gustafsson wins face-off versus Zac Dalpe in Monsters zone.
8:09 of 2nd period - Travis Dermott is hit by Zac Dalpe and loses puck.
8:42 of 2nd period - Snap shot by Austin Watson.
8:42 of 2nd period - Shot Misses the Net.
8:44 of 2nd period - Minor Penalty to Travis Dermott for Tripping.
8:45 of 2nd period - Anton Gustafsson wins face-off versus Jared Knight in Admirals zone.
10:44 of 2nd period - Penalty to Travis Dermott is over, Travis Dermott is back on ice.
10:51 of 2nd period - Wrist shot by Marc Michaelis.
10:51 of 2nd period - Shot Misses the Net.
11:09 of 2nd period - Nolan Vesey is hit by Tarmo Reunanen and loses puck.
11:35 of 2nd period - Carl Grundstrom is hit by Kristian Vesalainen and loses puck.
11:48 of 2nd period - Wrist shot by Joel Armia.
11:48 of 2nd period - Shot Misses the Net.
12:02 of 2nd period - T.J Brodie is hit by Marc Michaelis and loses puck.
13:18 of 2nd period - Reilly Walsh is hit by Maxim Mamin and loses puck.
13:49 of 2nd period - Snap shot by Kasper Bjorkqvist.
13:49 of 2nd period - Stopped by Maxime Lagace with a rebound.
14:24 of 2nd period - Snap shot by Hunter Shinkaruk.
14:24 of 2nd period - Deflect By Justin Bailey.
14:24 of 2nd period - Shot Misses the Net.
14:24 of 2nd period - Puck is out of play.
14:25 of 2nd period - Zac Dalpe wins face-off versus Lucas Wallmark in Monsters zone.
14:25 of 2nd period - Zac Dalpe is hit by T.J Brodie.
14:45 of 2nd period - Minor Penalty to Mattias Backman for Hooking.
14:46 of 2nd period - Anton Gustafsson wins face-off versus Zac Dalpe in Admirals zone.
14:46 of 2nd period - Anton Gustafsson is hit by Aaron Ness.
15:14 of 2nd period - Icing by Jared Knight.
15:15 of 2nd period - Lucas Wallmark wins face-off versus Jared Knight in Monsters zone.
15:30 of 2nd period - Snap shot by Hunter Shinkaruk.
15:30 of 2nd period - Shot Blocked by Jesse Graham.
15:47 of 2nd period - Icing by Matt Grzelcyk.
15:48 of 2nd period - Zac Dalpe wins face-off versus Anton Gustafsson in Monsters zone.
15:48 of 2nd period - Zac Dalpe is hit by Josh Wesley.
15:54 of 2nd period - Slapshot by Jesse Graham.
15:54 of 2nd period - Goal by Jesse Graham - Admirals : 1 - Monsters : 4.
15:54 of 2nd period - Felix Sanstrom enters game.
15:55 of 2nd period - Zac Dalpe wins face-off versus Anton Gustafsson in neutral zone.
16:20 of 2nd period - Hunter Shinkaruk is hit by Marc Michaelis and loses puck.
16:27 of 2nd period - Slapshot by Matt Grzelcyk.
16:27 of 2nd period - Shot Blocked by T.J Brodie.
16:29 of 2nd period - Wrist shot by Ryan Fitzgerald.
16:29 of 2nd period - Stopped by Felix Sanstrom with a rebound.
16:31 of 2nd period - Wrist shot by Marc Michaelis.
16:31 of 2nd period - Stopped by Felix Sanstrom with a rebound.
16:33 of 2nd period - Wrist shot by Ryan Fitzgerald.
16:33 of 2nd period - Shot Misses the Net.
16:51 of 2nd period - Snap shot by Nolan Vesey.
16:51 of 2nd period - Deflect By Jakub Vrana.
16:51 of 2nd period - Shot Misses the Net.
16:51 of 2nd period - Puck is out of play.
16:52 of 2nd period - Anton Gustafsson wins face-off versus Zac Dalpe in Monsters zone.
16:53 of 2nd period - Snap shot by Markus Granlund.
16:53 of 2nd period - Shot Misses the Net.
17:40 of 2nd period - Slapshot by Joakim Nordstrom.
17:40 of 2nd period - Shot Blocked by Freddie Hamilton.
18:08 of 2nd period - Snap shot by Richard Nejezchleb.
18:08 of 2nd period - Shot Misses the Net.
18:14 of 2nd period - Snap shot by Josh Norris.
18:14 of 2nd period - Stopped by Maxime Lagace without a rebound.
18:15 of 2nd period - Zac Dalpe wins face-off versus Anton Gustafsson in Monsters zone.
18:15 of 2nd period - Justin Bailey is hit by Joel Armia and loses puck.
18:30 of 2nd period - Snap shot by Austin Watson.
18:30 of 2nd period - Deflect By Justin Bailey.
18:30 of 2nd period - Shot Blocked by Mattias Backman.
18:30 of 2nd period - Puck is out of play.
18:31 of 2nd period - Lucas Wallmark wins face-off versus Jared Knight in Admirals zone.
19:04 of 2nd period - Minor Penalty to Markus Granlund for Hooking.
19:05 of 2nd period - Zac Dalpe wins face-off versus Anton Gustafsson in Admirals zone.
19:17 of 2nd period - Wrist shot by Zac Dalpe.
19:17 of 2nd period - Shot Misses the Net.
19:19 of 2nd period - Slapshot by Aaron Ness.
19:19 of 2nd period - Stopped by Felix Sanstrom with a rebound.
19:21 of 2nd period - Snap shot by Justin Bailey.
19:21 of 2nd period - Stopped by Felix Sanstrom without a rebound.
19:22 of 2nd period - Anton Gustafsson wins face-off versus Zac Dalpe in Admirals zone.
Goals for this period are 0 for Admirals vs 3 for Monsters.
Shots for this period are 9 for Admirals vs 11 for Monsters.
3rd period
0:01 of 3rd period - Anton Gustafsson wins face-off versus Zac Dalpe in neutral zone.
0:04 of 3rd period - Slapshot by T.J Brodie.
0:04 of 3rd period - Shot Misses the Net.
0:06 of 3rd period - Slapshot by T.J Brodie.
0:06 of 3rd period - Deflect By Austin Watson.
0:06 of 3rd period - Stopped by Maxime Lagace with a rebound.
0:08 of 3rd period - Snap shot by Anton Gustafsson.
0:08 of 3rd period - Stopped by Maxime Lagace with a rebound.
0:10 of 3rd period - Slapshot by T.J Brodie.
0:10 of 3rd period - Shot Blocked by Aaron Ness.
1:04 of 3rd period - Penalty to Markus Granlund is over, Markus Granlund is back on ice.
1:44 of 3rd period - Hunter Shinkaruk is hit by Matt Grzelcyk and loses puck.
2:16 of 3rd period - Snap shot by Richard Nejezchleb.
2:16 of 3rd period - Shot Hit the Post.
2:18 of 3rd period - Slapshot by Matt Grzelcyk.
2:18 of 3rd period - Deflect By Kasper Bjorkqvist.
2:18 of 3rd period - Stopped by Felix Sanstrom with a rebound.
2:20 of 3rd period - Slapshot by Marc Michaelis.
2:20 of 3rd period - Stopped by Felix Sanstrom without a rebound.
2:21 of 3rd period - Zac Dalpe wins face-off versus Josh Norris in Admirals zone.
2:36 of 3rd period - Backhand shot by Justin Bailey.
2:36 of 3rd period - Stopped by Felix Sanstrom with a rebound.
3:05 of 3rd period - T.J Brodie is hit by Gerald Mayhew and loses puck.
3:15 of 3rd period - Mattias Backman is hit by Victor Mete.
3:35 of 3rd period - Snap shot by Zac Dalpe.
3:35 of 3rd period - Shot Blocked by Josh Norris.
3:41 of 3rd period - Josh Norris is hit by Austin Watson and loses puck.
4:08 of 3rd period - Joakim Nordstrom is hit by Markus Granlund and loses puck.
5:18 of 3rd period - Wrist shot by Zac Dalpe.
5:18 of 3rd period - Goal by Zac Dalpe - Admirals : 1 - Monsters : 5.
5:19 of 3rd period - Zac Dalpe wins face-off versus Anton Gustafsson in neutral zone.
5:28 of 3rd period - Snap shot by Zac Dalpe.
5:28 of 3rd period - Shot Misses the Net.
5:53 of 3rd period - Snap shot by Jakub Vrana.
5:53 of 3rd period - Stopped by Felix Sanstrom without a rebound.
5:54 of 3rd period - Lucas Wallmark wins face-off versus Jared Knight in Admirals zone.
6:10 of 3rd period - Off-side.
6:11 of 3rd period - Anton Gustafsson wins face-off versus Zac Dalpe in neutral zone.
6:22 of 3rd period - Snap shot by Zac Dalpe.
6:22 of 3rd period - Shot Blocked by Anton Gustafsson.
6:24 of 3rd period - Backhand shot by Justin Bailey.
6:24 of 3rd period - Deflect By Austin Watson.
6:24 of 3rd period - Shot Misses the Net.
6:24 of 3rd period - Puck is out of play.
6:25 of 3rd period - Lucas Wallmark wins face-off versus Zac Dalpe in Admirals zone.
6:25 of 3rd period - Lucas Wallmark is hit by Justin Bailey.
6:28 of 3rd period - T.J Brodie is hit by Aaron Ness and loses puck.
7:02 of 3rd period - Wrist shot by Nolan Vesey.
7:02 of 3rd period - Goal by Nolan Vesey - Admirals : 2 - Monsters : 5.
7:03 of 3rd period - Jared Knight wins face-off versus Joel Armia in neutral zone.
7:06 of 3rd period - Slapshot by Aaron Ness.
7:06 of 3rd period - Shot Blocked by Travis Dermott.
7:30 of 3rd period - Mark McNeill is hit by Zac Dalpe and loses puck.
7:35 of 3rd period - Wrist shot by Zac Dalpe.
7:35 of 3rd period - Stopped by Felix Sanstrom with a rebound.
7:37 of 3rd period - Slapshot by Zac Dalpe.
7:37 of 3rd period - Stopped by Felix Sanstrom with a rebound.
7:39 of 3rd period - Slapshot by Justin Bailey.
7:39 of 3rd period - Stopped by Felix Sanstrom without a rebound.
7:40 of 3rd period - Markus Granlund wins face-off versus Zac Dalpe in Admirals zone.
7:53 of 3rd period - Slapshot by Zac Dalpe.
7:53 of 3rd period - Goal by Zac Dalpe - Admirals : 2 - Monsters : 6.
7:54 of 3rd period - Anton Gustafsson wins face-off versus Zac Dalpe in neutral zone.
8:01 of 3rd period - Snap shot by Markus Granlund.
8:01 of 3rd period - Shot Misses the Net.
8:03 of 3rd period - Snap shot by Anton Gustafsson.
8:03 of 3rd period - Stopped by Maxime Lagace without a rebound.
8:04 of 3rd period - Anton Gustafsson wins face-off versus Zac Dalpe in Monsters zone.
8:07 of 3rd period - Snap shot by Markus Granlund.
8:07 of 3rd period - Stopped by Maxime Lagace without a rebound.
8:08 of 3rd period - Anton Gustafsson wins face-off versus Zac Dalpe in Monsters zone.
8:09 of 3rd period - Snap shot by Markus Granlund.
8:09 of 3rd period - Shot Misses the Net.
8:13 of 3rd period - Wrist shot by Joel Armia.
8:13 of 3rd period - Stopped by Maxime Lagace without a rebound.
8:14 of 3rd period - Anton Gustafsson wins face-off versus Austin Watson in Monsters zone.
8:47 of 3rd period - Slapshot by Anton Gustafsson.
8:47 of 3rd period - Shot Misses the Net.
8:49 of 3rd period - Wrist shot by Joel Armia.
8:49 of 3rd period - Shot Misses the Net.
8:51 of 3rd period - Slapshot by T.J Brodie.
8:51 of 3rd period - Stopped by Maxime Lagace with a rebound.
8:53 of 3rd period - Slapshot by Mattias Backman.
8:53 of 3rd period - Stopped by Maxime Lagace without a rebound.
8:54 of 3rd period - Lucas Wallmark wins face-off versus Jared Knight in Monsters zone.
9:19 of 3rd period - Matt Grzelcyk is hit by Freddie Hamilton and loses puck.
9:31 of 3rd period - Snap shot by Kasper Bjorkqvist.
9:31 of 3rd period - Stopped by Maxime Lagace without a rebound.
9:32 of 3rd period - Anton Gustafsson wins face-off versus Zac Dalpe in Monsters zone.
9:35 of 3rd period - Wrist shot by Anton Gustafsson.
9:35 of 3rd period - Stopped by Maxime Lagace with a rebound.
9:47 of 3rd period - Slapshot by Anton Gustafsson.
9:47 of 3rd period - Shot Misses the Net.
9:57 of 3rd period - T.J Brodie is hit by Dillon Heatherington and loses puck.
10:02 of 3rd period - Slapshot by Matt Grzelcyk.
10:02 of 3rd period - Shot Blocked by Mattias Backman.
10:40 of 3rd period - Slapshot by Matt Grzelcyk.
10:40 of 3rd period - Stopped by Felix Sanstrom without a rebound.
10:41 of 3rd period - Anton Gustafsson wins face-off versus Ryan Fitzgerald in Admirals zone.
11:27 of 3rd period - Snap shot by Lucas Wallmark.
11:27 of 3rd period - Shot Blocked by Jakub Vrana.
11:52 of 3rd period - Slapshot by Victor Mete.
11:52 of 3rd period - Shot Misses the Net.
11:54 of 3rd period - Snap shot by Richard Nejezchleb.
11:54 of 3rd period - Shot Misses the Net.
12:32 of 3rd period - Backhand shot by Mark McNeill.
12:32 of 3rd period - Shot Blocked by Victor Mete.
12:34 of 3rd period - Snap shot by T.J Brodie.
12:34 of 3rd period - Shot Blocked by Victor Mete.
12:40 of 3rd period - Wrist shot by Hunter Shinkaruk.
12:40 of 3rd period - Shot Misses the Net.
12:50 of 3rd period - Jakub Vrana is hit by Kasper Bjorkqvist and loses puck.
12:55 of 3rd period - Snap shot by Kasper Bjorkqvist.
12:55 of 3rd period - Shot Misses the Net.
13:11 of 3rd period - Snap shot by Markus Granlund.
13:11 of 3rd period - Shot Misses the Net.
13:13 of 3rd period - Wrist shot by Markus Granlund.
13:13 of 3rd period - Deflect By Richard Nejezchleb.
13:13 of 3rd period - Stopped by Maxime Lagace with a rebound.
13:36 of 3rd period - Zac Dalpe is hit by Kristian Vesalainen and loses puck.
13:55 of 3rd period - Josh Wesley is hit by Carl Grundstrom.
14:08 of 3rd period - Matt Grzelcyk is hit by Carl Dahlstrom and loses puck.
14:13 of 3rd period - Snap shot by Marc Michaelis.
14:13 of 3rd period - Deflect By Ryan Fitzgerald.
14:13 of 3rd period - Stopped by Felix Sanstrom with a rebound.
14:55 of 3rd period - Minor Penalty to Zac Dalpe for Holding Stick.
14:56 of 3rd period - Anton Gustafsson wins face-off versus Nathan Noel in Monsters zone.
16:55 of 3rd period - Penalty to Zac Dalpe is over, Zac Dalpe is back on ice.
17:07 of 3rd period - Snap shot by Zac Dalpe.
17:07 of 3rd period - Shot Blocked by Nolan Vesey.
17:16 of 3rd period - Icing by Olli Juolevi.
17:17 of 3rd period - Josh Norris wins face-off versus Ryan Fitzgerald in Admirals zone.
17:17 of 3rd period - Josh Norris is hit by Ryan Fitzgerald.
18:00 of 3rd period - Snap shot by Hunter Shinkaruk.
18:00 of 3rd period - Shot Blocked by Victor Mete.
18:02 of 3rd period - Slapshot by Lucas Wallmark.
18:02 of 3rd period - Goal by Lucas Wallmark - Admirals : 3 - Monsters : 6.
18:03 of 3rd period - Anton Gustafsson wins face-off versus Jared Knight in neutral zone.
18:06 of 3rd period - Jakub Vrana is hit by Mattias Backman and loses puck.
18:17 of 3rd period - Wrist shot by Anton Gustafsson.
18:17 of 3rd period - Stopped by Maxime Lagace with a rebound.
18:34 of 3rd period - Icing by Austin Watson.
18:35 of 3rd period - Zac Dalpe wins face-off versus Lucas Wallmark in Monsters zone.
18:50 of 3rd period - Slapshot by Travis Dermott.
18:50 of 3rd period - Deflect By Zac Dalpe.
18:50 of 3rd period - Stopped by Maxime Lagace without a rebound.
18:51 of 3rd period - Anton Gustafsson wins face-off versus Jared Knight in Monsters zone.
19:16 of 3rd period - Austin Watson is hit by Lucas Wallmark and loses puck.
19:45 of 3rd period - Snap shot by Freddie Hamilton.
19:45 of 3rd period - Deflect By Nolan Vesey.
19:45 of 3rd period - Shot Blocked by Matt Grzelcyk.
19:45 of 3rd period - Puck is out of play.
19:46 of 3rd period - Anton Gustafsson wins face-off versus Zac Dalpe in Monsters zone.
Goals for this period are 2 for Admirals vs 2 for Monsters.
Shots for this period are 14 for Admirals vs 11 for Monsters.